AoeStats
← Hawkthabeast

Arabia

503239604Analyzed
2v2 RM · 2mo ago on Aug 30, 2026· 52m 1s· 4 players
Game mode
Random Map
Map size
Medium (4 player)
Population
200
Speed
Normal
Resources
Standard
Victory
Conquest
Starting age
Dark Age
Ending age
Imperial Age
RankedLock teamsTeams togetherTeam positionsShared explorationLock speedFull tech treeHidden civsTurbo modeCheats
Victory
Defeat
🇷🇺 Japanese · Russia
1131
+13
1100
+15
vs
🇺🇸 Mongols · United States
1126
-17
🇺🇸 Franks · United States
1027
-12
Hawkthabeast
7:16 Loom
9:02 Feudal Age
10:09 Double-Bit Axe
14:36 Scale Barding Armor
20:25 Castle Age
19:54 Fletching
20:05 Padded Archer Armor
21:07 Bodkin Arrow
23:05 Bow Saw
22:47 Gold Mining
22:44 Horse Collar
26:10 Leather Archer Armor
27:15 Thumb Ring
27:42 Stone Mining
29:43 Ballistics
30:04 Wheelbarrow
33:41 Heavy Plow
38:25 Imperial Age
38:22 Husbandry
38:33 Bloodlines
39:16 Gold Shaft Mining
39:20 Stone Shaft Mining
39:09 Bracer
39:01 Heavy Cavalry Archer
41:25 Parthian Tactics
50:11 Chemistry
Kingfish
10:35 Feudal Age
8:50 Loom
11:37 Double-Bit Axe
18:00 Scale Mail Armor
18:07 Scale Barding Armor
19:16 Forging
26:51 Castle Age
25:57 Fletching
26:06 Gold Mining
28:26 Chain Barding Armor
29:37 Bow Saw
30:29 Elite Skirmisher
33:31 Bodkin Arrow
33:36 Padded Archer Armor
34:50 Pikeman
38:32 Gold Shaft Mining
40:42 Wheelbarrow
40:27 Chain Mail Armor
40:48 Iron Casting
很醉, 坐下來, 放鬆
2:42 Loom
10:08 Feudal Age
11:22 Double-Bit Axe
17:30 Town Watch
21:00 Castle Age
19:38 Scale Barding Armor
19:34 Horse Collar
21:28 Bloodlines
21:32 Elite Skirmisher
22:42 Bow Saw
22:43 Husbandry
25:48 Gold Mining
26:50 Wheelbarrow
27:16 Heavy Plow
29:09 Chain Barding Armor
29:00 Forging
29:10 Stone Mining
32:56 Hand Cart
34:48 Gold Shaft Mining
35:01 Iron Casting
38:35 Imperial Age
38:09 Ballistics
37:56 Padded Archer Armor
39:08 Heavy Camel Rider
39:47 Fletching
40:50 Bodkin Arrow
41:31 Plate Barding Armor
42:21 Chemistry
43:02 Imperial Camel Rider
45:33 Blast Furnace
44:33 Bracer
46:29 Squires
46:14 Arson
49:05 Leather Archer Armor
48:53 Murder Holes
50:27 Two-Man Saw
SNEAKY GOLEM
11:40 Feudal Age
17:32 Castle Age
16:31 Double-Bit Axe
17:51 Gold Mining
19:08 Fletching
20:27 Padded Archer Armor
22:53 Loom
23:12 Horse Collar
26:56 Wheelbarrow
27:22 Bow Saw
31:18 Bodkin Arrow
31:39 Leather Archer Armor
32:49 Thumb Ring
34:20 Husbandry
37:02 Imperial Age
34:58 Stone Mining
36:04 Ballistics
36:56 Bloodlines
37:18 Hand Cart
38:19 Heavy Cavalry Archer
40:06 Bracer
50:59 Light Cavalry
52:52 Conscription
Connection lost

Rejoining the realm…

Still unreachable

The connection could not be restored.

Session expired

The server has moved on; the page needs a fresh start.